 Dungeon Crawl Stone Soup version 0.29.1-2-gbd0b4ee654 (webtiles) character file.

Game seed: 7082259585466640074

250 DocClef the Shield-Bearer (level 6, -5/51 (53) HPs)
             Began as a Gnoll Fighter on Nov 15, 2022.
             Slain by a wight
             ... wielding a +3 scimitar
              (9 damage)
             ... on level 4 of the Dungeon.
             The game lasted 00:04:26 (3008 turns).

DocClef the Shield-Bearer (Gnoll Fighter)           Turns: 3008, Time: 00:04:26

HP:   -5/51 (53)    AC: 13    Str: 17    XL:     6   Next: 13%
MP:   8/8           EV:  9    Int:  8    God:
Gold: 181           SH: 10    Dex: 11    Spells: 8/8 levels left

rFire   . . .      SeeInvis .   a - +0 war axe
rCold   . . .      Faith    .   c - +0 buckler
rNeg    . . .      Spirit   .   b - +0 scale mail
rPois   .          Reflect  +   (no helmet)
rElec   .          Harm     .   A - +0 cloak
rCorr   .          Rampage  .   (no gloves)
Will    +....                   (no boots)
Stlth   ..........              j - amulet of reflection
HPRegen 0.17/turn               q - +4 ring of protection
MPRegen 0.11/turn               s - ring of willpower

@: lightly drained
A: fangs 1, strong nose, distributed training
a: no special abilities


You were on level 4 of the Dungeon.
You visited 1 branch of the dungeon, and saw 4 of its levels.

You collected 181 gold pieces.

Inventory:

Hand Weapons
 a - a +0 war axe (weapon)
Armour
 b - a +0 scale mail (worn)
 c - a +0 buckler (worn)
 A - a +0 cloak (worn)
Jewellery
 j - an amulet of reflection (around neck)
 q - a +4 ring of protection (left hand)
 r - a ring of resist corrosion
 s - a ring of willpower (right hand)
 v - a ring of flight
Scrolls
 f - a scroll of fog {unknown}
 g - a scroll of summoning {unknown}
 h - 8 scrolls of teleportation {unknown}
 i - a scroll of enchant armour {unknown}
 o - 2 scrolls of fear {unknown}
 u - 3 scrolls of noise {unknown}
 w - a scroll of blinking {unknown}
 x - a scroll of vulnerability {unknown}
 y - a scroll of immolation {unknown}
Potions
 d - a potion of might
 e - a potion of mutation {unknown}
 k - 3 potions of flight {unknown}
 l - a potion of curing {unknown}
 m - 3 potions of cancellation {unknown}
 n - a potion of berserk rage {unknown}
 p - a potion of ambrosia {unknown}
 t - 2 potions of invisibility {unknown}
 z - a potion of degeneration {unknown}


   Skills:
 + Level 6.8 Fighting
 + Level 1.9 Short Blades
 + Level 1.9 Long Blades
 + Level 4.9 Axes
 + Level 1.9 Maces & Flails
 + Level 1.9 Polearms
 + Level 1.9 Staves
 + Level 1.9 Ranged Weapons
 + Level 1.9 Throwing
 + Level 6.8 Armour
 + Level 1.9 Dodging
 + Level 1.9 Stealth
 + Level 6.8 Shields
 + Level 1.9 Unarmed Combat
 + Level 1.9 Spellcasting
 + Level 1.5 Conjurations
 + Level 1.5 Hexes
 + Level 1.5 Summonings
 + Level 1.5 Necromancy
 + Level 1.5 Translocations
 + Level 1.5 Transmutations
 + Level 1.5 Fire Magic
 + Level 1.5 Ice Magic
 + Level 1.5 Air Magic
 + Level 1.5 Earth Magic
 + Level 1.5 Poison Magic
 + Level 2.1 Invocations
 + Level 1.9 Evocations


You had 8 spell levels left.
You didn't know any spells.
Your spell library was empty.

Dungeon Overview and Level Annotations

Branches:
Dungeon (4/15)
 Temple: D:4-7

Altars:
Ashenzari
Fedhas
Qazlal
Vehumet
Xom

Shops:
D:3 *![(?


Innate Abilities, Weirdness & Mutations

You have very sharp teeth.
Your uncanny sense of smell can sniff out nearby items.
Your experience applies equally to all skills.


Message History

You hit the wight.
The wight hits you from afar with a +0 trident.
You block the wight's attack. x2
Unknown command.
You hit the wight.
The wight is heavily damaged.
You hit the wight but do no damage.
The wight hits you but does no damage. x2
You block the wight's attack.
The wight hits you but does no damage. x3
Unknown command.
You hit the wight but do no damage.
The wight is heavily damaged.
You closely miss the wight. The wight hits you but does no damage.
A wight breaks down the door.
The wight hits you but does no damage.
Unknown command.
You closely miss the wight.
The wight is heavily damaged.
You hit the wight. You block the wight's attack.
The wight hits you with a +4 trident.
You feel drained. You block the wight's attack.
Unknown command.
You hit the wight.
The wight is severely damaged.
You hit the wight.
You destroy the wight!
You hit the wight.
The wight hits you from afar with a +0 trident.
* * * LOW HITPOINT WARNING * * *
You feel drained.
* * * LOW HITPOINT WARNING * * *
The wight hits you with a +4 trident!
* * * LOW HITPOINT WARNING * * *
The wight misses you. You block the wight's attack. x2
The wight hits you but does no damage.
Your Invocations skill increases to level 2!
You have reached level 6!
You hit the wight. Your bite misses the wight.
The wight is almost destroyed.
You slash the wight! You block the wight's attack.
The wight hits you with a +3 scimitar!
You die...

.......#....#
.......#....# .......
###...##..#######.......
.#######..#.............
).........#.............
..........#..........)..
..........#.............
..........#.....).z.....
..........#.†...@z......
..........#.....#z###...
.##.......#.....#...
.##########.....#...#
..........#.....#...#
..........#.....##+##
..........#..<.......
..........'..........
.##.......#..........


You could see 3 wights.

Vanquished Creatures
  A wight (D:4)
  A howler monkey (D:4)
  Crazy Yiuf (D:3)
  3 gnolls (D:3)
  2 adders (D:2)
  3 worms (D:3)
  2 dart slugs
  An orc (D:3)
  3 ball pythons
  4 endoplasms
  2 giant cockroaches (D:3)
  3 goblins
  6 hobgoblins
  8 jackals
  5 quokkas
  6 bats
  6 frilled lizards
  10 kobolds
  10 rats
77 creatures vanquished.

Vanquished Creatures (others)
  4 fungi (D:3)
4 creatures vanquished.

Grand Total: 81 creatures vanquished

Notes
Turn   | Place    | Note
-------+----------+-------------------------------------------
     0 | D:1      | DocClef the Gnoll Fighter began the quest for the Orb.
     0 | D:1      | Reached XP level 1. HP: 23/23 MP: 1/1
   201 | D:1      | Reached XP level 2. HP: 19/29 MP: 2/2
   586 | D:1      | Reached XP level 3. HP: 35/35 MP: 3/3
   888 | D:1      | Reached skill level 1 in Invocations
  1034 | D:2      | Reached skill level 1 in Short Blades
  1034 | D:2      | Reached skill level 1 in Long Blades
  1034 | D:2      | Reached skill level 1 in Maces & Flails
  1034 | D:2      | Reached skill level 1 in Polearms
  1034 | D:2      | Reached skill level 1 in Staves
  1034 | D:2      | Reached skill level 1 in Ranged Weapons
  1034 | D:2      | Reached skill level 1 in Throwing
  1034 | D:2      | Reached skill level 1 in Dodging
  1034 | D:2      | Reached skill level 1 in Stealth
  1034 | D:2      | Reached skill level 1 in Unarmed Combat
  1034 | D:2      | Reached skill level 1 in Spellcasting
  1034 | D:2      | Reached skill level 1 in Evocations
  1414 | D:2      | Reached XP level 4. HP: 41/41 MP: 5/5
  1437 | D:2      | Found a faded altar of an unknown god.
  1625 | D:3      | Found a blossoming altar of Fedhas.
  1625 | D:3      | Found a shimmering altar of Xom.
  1626 | D:3      | Found Litoibb's Antique Weapon Shop.
  1635 | D:3      | Reached skill level 1 in Conjurations
  1635 | D:3      | Reached skill level 1 in Hexes
  1635 | D:3      | Reached skill level 1 in Summonings
  1635 | D:3      | Reached skill level 1 in Necromancy
  1635 | D:3      | Reached skill level 1 in Translocations
  1635 | D:3      | Reached skill level 1 in Transmutations
  1635 | D:3      | Reached skill level 1 in Fire Magic
  1635 | D:3      | Reached skill level 1 in Ice Magic
  1635 | D:3      | Reached skill level 1 in Air Magic
  1635 | D:3      | Reached skill level 1 in Earth Magic
  1635 | D:3      | Reached skill level 1 in Poison Magic
  1775 | D:3      | Found Maruojox's Magic Scroll Shoppe.
  1803 | D:3      | Found a broken altar of Ashenzari.
  1876 | D:3      | Found a radiant altar of Vehumet.
  1910 | D:3      | Found Pecakuch's Armour Shoppe.
  1922 | D:3      | Found Guza's Distillery.
  2056 | D:3      | Reached XP level 5. HP: 47/47 MP: 7/7
  2160 | D:3      | Found a stormy altar of Qazlal.
  2307 | D:3      | Found Meesaetho's Assorted Antiques.
  2420 | D:3      | Found a runed translucent door.
  2421 | D:3      | Noticed Crazy Yiuf
  2573 | D:3      | Killed Crazy Yiuf
  3008 | D:4      | Reached XP level 6. HP: 3/51 MP: 8/8
  3008 | D:4      | Slain by a wight

Illustrated notes

Levels and vault maps discovered:
D:1:      dpeg_arrival_erosion, layout_rooms, minmay_tetromino_i4
D:2:      layout_basic, hellmonk_ecumenical_altar_heavens_door
D:3:      layout_rooms, overflow_temple_1_default,
          mainiacjoe_overflow_boulevard,
          chequers_temple_overflow_statue_of_worship,
          mainiacjoe_overflow_alcove_4, serial_shops, shop,
          nicolae_shop_statue_plus, shop, nicolae_shop_waterfront, shop,
          uniq_crazy_yiuf_cottage
D:4:      layout_gridville, gammafunk_ghost_necromancy,
          cheibrodos_sewer_entry_drain, hex_tiny

Skill      XL: |  1  2  3  4  5 |
---------------+----------------+-----
Invocations    | 1 2 |  2.1
Short Blades   | 1 |  1.9
Long Blades    | 1 |  1.9
Maces & Flails | 1 |  1.9
Polearms       | 1 |  1.9
Staves         | 1 |  1.9
Ranged Weapons | 1 |  1.9
Throwing       | 1 |  1.9
Dodging        | 1 |  1.9
Stealth        | 1 |  1.9
Unarmed Combat | 1 |  1.9
Spellcasting   | 1 |  1.9
Evocations     | 1 |  1.9
Conjurations   | 1 |  1.5
Hexes          | 1 |  1.5
Summonings     | 1 |  1.5
Necromancy     | 1 |  1.5
Translocations | 1 |  1.5
Transmutations | 1 |  1.5
Fire Magic     | 1 |  1.5
Ice Magic      | 1 |  1.5
Air Magic      | 1 |  1.5
Earth Magic    | 1 |  1.5
Poison Magic   | 1 |  1.5
Fighting       | |  6.8
Axes           | |  4.9
Armour         | |  6.8
Shields        | |  6.8

Action                   |  1- 3 |  4- 6 || total
-------------------------+-------+-------++-------
Melee: War axe           |   119 |   110 ||   229
       Bite              |    10 |    12 ||    22
Armor: Scale mail        |    71 |    40 ||   111
Dodge: Dodged            |    63 |    35 ||    98
Block: Buckler           |    57 |    62 ||   119
       Reflection        |     2 |     3 ||     5
